 Dungeon Crawl Stone Soup version 0.19.1 (webtiles) character file.

144 Dfrag the Firebug (level 5, -8/35 HPs)
             Began as a Demonspawn Fire Elementalist on Nov 29, 2016.
             Mangled by Dfrag's ghost (12 damage)
             ... on level 3 of the Dungeon.
             The game lasted 00:03:39 (2582 turns).

Dfrag the Firebug (Demonspawn Fire Elementalist)    Turns: 2582, Time: 00:03:39

Health: -8/35      AC:  2    Str:  8    XL:     5   Next: 5%
Magic:  0/10       EV: 12    Int: 18    God:
Gold:   121        SH:  0    Dex: 15    Spells: 1 memorised, 9 levels left

rFire  + . .     SeeInvis .     o - +1 dagger (venom)
rCold  x . .     Gourm    .     a - +0 robe
rNeg   . . .     Faith    .     (no shield)
rPois  .         Spirit   .     (no helmet)
rElec  .         Reflect  .     (no cloak)
rCorr  .         Harm     .     (no gloves)
MR     .....                    (no boots)
Stlth  +++.......               (no amulet)
                                (no ring)
                                r - ring of fire

@: no status effects
A: thin skeletal structure 1, nightstalker 1
a: no special abilities


You were on level 3 of the Dungeon.
You were not hungry.

You visited 1 branch of the dungeon, and saw 4 of its levels.

You collected 121 gold pieces.

Inventory:

Hand Weapons
 j - a +3 club
 o - a +1 dagger of venom (weapon)
Armour
 a - a +0 robe (worn)
Jewellery
 r - a ring of fire (left hand)
Scrolls
 d - 2 scrolls of immolation {unknown}
 e - 2 scrolls of remove curse {unknown}
 i - 2 scrolls of teleportation {unknown}
 k - a scroll of identify {unknown}
 q - a scroll of amnesia {unknown}
Potions
 g - a potion of might {unknown}
 h - a potion of degeneration {unknown}
 n - a potion of curing {unknown}
 p - a potion of brilliance {unknown}
 s - a potion of magic {unknown}
 t - a potion of invisibility {unknown}
Books
 b - a book of Flames

   Spells                             Type                      Level
   a - Flame Tongue                   Conjuration/Fire             1
   b - Throw Flame                    Conjuration/Fire             2
   c - Conjure Flame                  Conjuration/Fire             3
   d - Inner Flame                    Hexes/Fire                   3
   e - Sticky Flame                   Conjuration/Fire             4
   f - Fireball                       Conjuration/Fire             5
 l - a book of Cantrips

   Spells                             Type                      Level
   a - Confusing Touch                Hexes                        1
   b - Animate Skeleton               Necromancy                   1
   c - Summon Small Mammal            Summoning                    1
   d - Apportation                    Translocation                1
Comestibles
 c - 3 bread rations
 f - 6 meat rations
 m - a chunk of flesh


   Skills:
 - Level 1.7 Dodging
 - Level 1.7 Stealth
 + Level 3.3 Spellcasting
 + Level 3.0 Conjurations
 + Level 3.5 Fire Magic


You had 9 spell levels left.
You knew the following spells:

 Your Spells              Type           Power        Failure   Level  Hunger
a - Flame Tongue          Conj/Fire      ###..        4%          1    None


Dungeon Overview and Level Annotations

Branches:
Dungeon (4/15)
 Temple: D:4-7

Altars:
Trog

Annotations:
D:3 Dfrag's ghost, amateur DsFE


Innate Abilities, Weirdness & Mutations

You have a somewhat thin skeletal structure. (Dex +2, Stealth)
You are slightly more attuned to the shadows.


Message History

Casting: Flame Tongue
Confirm with . or Enter, or press ? or * to list all spells.
Aiming: Flame Tongue
Press: ? - help, Shift-Dir - straight line, f/p - Dfrag's ghost
Aim: Dfrag's ghost, wielding a weapon of protection (heavily damaged)
You feel a surge of power!
The flame tongue hits Dfrag's ghost.
Dfrag's ghost is almost destroyed.
Dfrag's ghost points at you and mumbles some strange words.
The flame tongue hits you! You resist.
* * * LOW HITPOINT WARNING * * *
Unknown command.
Casting: Flame Tongue
Confirm with . or Enter, or press ? or * to list all spells.
Aiming: Flame Tongue
Press: ? - help, Shift-Dir - straight line, f/p - Dfrag's ghost
Aim: Dfrag's ghost, wielding a weapon of protection (almost destroyed)
You feel a surge of power!
The flame tongue hits Dfrag's ghost.
Dfrag's ghost is almost destroyed.
Dfrag's ghost hits you!
You die...

#.#..8._.8.####.###...........#
##.##..8.8...<.#.####..........#
..†##...8..........##..........#
.####...........##.##.......>..#
.# ###.#.......#..............#
## ####........................#
# #....##.....#....####....####
####.##.##.....#W##.# ##....#
.....##.##..####@##.# #..#..#
#######.##.###...##.# #..##.. #
#..##.##..####.### #..#
#.###....# #...###..# #.# #..###
###..##..# #.# #..# #####.....#
#.# #..# #...####..### #.###..#
#...###.....## #.#..(.#
#.....)..##..#


You could see Dfrag's ghost.

Vanquished Creatures
  Ijyb (D:1)
  3 adders
  2 oozes
  4 worms
  3 leopard geckos
  An orc (D:3)
  A ball python (D:1)
  5 giant cockroaches
  11 goblins
  5 hobgoblins
  7 jackals
  2 quokkas
  4 bats
  4 frilled lizards
  6 kobolds
  6 rats
65 creatures vanquished.

Vanquished Creatures (others)
  A fungus (D:3)
1 creature vanquished.

Grand Total: 66 creatures vanquished

Notes
Turn   | Place    | Note
-------+----------+-------------------------------------------
     0 | D:1      | Dfrag the Demonspawn Fire Elementalist began the quest for the Orb.
     0 | D:1      | Reached XP level 1. HP: 13/13 MP: 3/3
   358 | D:1      | Gained mutation: You are slightly more attuned to the shadows. [demonic ancestry]
   358 | D:1      | Reached XP level 2. HP: 9/19 MP: 1/5
   735 | D:2      | Reached XP level 3. HP: 23/24 MP: 0/6
   777 | D:2      | Noticed Ijyb
   830 | D:2      | HP: 1/24 [Ijyb/enchanted club (2)]
   853 | D:1      | Killed Ijyb
  1040 | D:2      | Reached XP level 4. HP: 21/30 MP: 0/8
  1680 | D:3      | Found a faded altar of an unknown god.
  1730 | D:3      | Noticed Dfrag's ghost (amateur DsFE)
  2352 | D:4      | Gained mutation: You have a somewhat thin skeletal structure. (Dex +2, Stealth) [demonic ancestry]
  2352 | D:4      | Reached XP level 5. HP: 35/35 MP: 5/9
  2503 | D:3      | Found a bloodstained altar of Trog.
  2582 | D:3      | Mangled by Dfrag's ghost

Skill      XL: |  1  2  3  4 |
---------------+-------------+-----
Conjurations   | 2 3 |  3.0
Fire Magic     | 3 |  3.5
Spellcasting   | 3 |  3.3
Dodging        | |  1.7
Stealth        | |  1.7

Action                   |  1- 3 |  4- 6 || total
-------------------------+-------+-------++-------
Melee: Unarmed           |    29 |       ||    29
       Club              |     3 |    35 ||    38
       Dagger            |       |    10 ||    10
 Cast: Flame Tongue      |    55 |    66 ||   121
 Stab: Sleeping          |       |     5 ||     5
  Eat: Chunk             |     1 |     5 ||     6
Armor: Robe              |     6 |    14 ||    20
Dodge: Dodged            |    24 |    59 ||    83
